 Dungeon Crawl Stone Soup version 0.23.0-33-g5e6c059 (webtiles) character file.

Game seed: 16247582370309866078

49623 Hasart the Eclecticist (level 14, -12/74 HPs)
             Began as a Deep Elf Earth Elementalist on Feb 26, 2019.
             Was a High Priest of Vehumet.
             Killed from afar by a fire dragon (23 damage)
             ... with a blast of flame
             ... on level 13 of the Dungeon.
             The game lasted 01:01:21 (14314 turns).

Hasart the Eclecticist (DEEE)                      Turns: 14314, Time: 01:01:21

Health: -12/74     AC: 14    Str:  3 (5)  XL:     14   Next: 16%
Magic:  2/35       EV: 14    Int: 25 (26) God:    Vehumet [*****.]
Gold:   629        SH:  5    Dex: 13 (15) Spells: 32/43 levels left

rFire    + . .     SeeInvis +   U - +8 short sword of Conscience {pain, +Fly}
rCold    . . .     Gourm    .   w - +0 buckler
rNeg     . . .     Faith    .   T - +2 troll leather armour
rPois    +         Spirit   .   z - +2 helmet "Camoafam" {+Inv rElec}
rElec    +         Reflect  .   u - +0 cloak
rCorr    .         Harm     .   N - +0 pair of gloves
MR       ++...                  r - +0 pair of boots
Stlth    ++........             E - amulet "Vionelown" {RegenMP rF+ MR+}
HPRegen  0.62/turn              m - ring of poison resistance
MPRegen  0.49/turn              H - ring of see invisible

@: very slightly contaminated, studying Crossbows
A: hooves 1, poison resistance, MP-powered wands
a: Renounce Religion, Evoke Invisibility, Evoke Flight


You were on level 13 of the Dungeon.
You worshipped Vehumet.
Vehumet was extremely pleased with you.
You were hungry.

You visited 2 branches of the dungeon, and saw 14 of its levels.
You also visited: Bailey.

You collected 1273 gold pieces.
You spent 644 gold pieces at shops.

Inventory:

Hand Weapons
 U - the +8 short sword of Conscience (weapon) {pain, +Fly}
   (You found it on level 9 of the Dungeon)

   In the hands of one skilled in necromantic magic, it inflicts extra damage on
   living creatures.
   It lets you fly.
Missiles
 Q - 233 stones (quivered)
Armour
 c - a +1 hat of magic resistance
 r - a +0 pair of boots (worn)
 u - a +0 cloak (worn)
 w - a +0 buckler (worn)
 z - the +2 helmet "Camoafam" (worn) {+Inv rElec}
   (You found it on level 4 of the Dungeon)

   It insulates you from electricity.
   It lets you turn invisible.
 N - a +0 pair of gloves (worn)
 T - a +2 troll leather armour (worn)
Magical Staves
 A - an uncursed staff of cold
Jewellery
 m - a ring of poison resistance (left hand)
 s - an uncursed ring of protection from magic
 E - the amulet "Vionelown" (around neck) {RegenMP rF+ MR+}
   (You bought it in a shop on level 13 of the Dungeon)

   [amulet of magic regeneration]

   It increases your magic regeneration.
   It protects you from fire.
   It affects your resistance to hostile enchantments.
 H - a ring of see invisible (right hand)
 X - an uncursed amulet of regeneration
 Y - an uncursed ring of wizardry
Wands
 a - a wand of scattershot (3)
 b - a wand of digging (7)
 L - a wand of disintegration (8)
Scrolls
 e - 2 scrolls of blinking
 f - 6 scrolls of immolation
 h - 10 scrolls of identify
 j - 9 scrolls of teleportation
 n - 3 scrolls of amnesia
 t - 3 scrolls of remove curse
 B - a scroll of fear
 F - a scroll of magic mapping
Potions
 k - 7 potions of curing
 l - 2 potions of mutation
 p - 2 potions of heal wounds
 v - 2 potions of flight
 G - 2 potions of haste
 O - 2 potions of brilliance
Books
 W - a manual of Crossbows
Miscellaneous
 Z - a lightning rod (4/4)
Comestibles
 d - 22 rations


   Skills:
 - Level 3.0 Fighting
 - Level 5.8 Armour
 - Level 7.0 Dodging
 - Level 2.4 Stealth
 - Level 5.0 Shields
 * Level 15.3 Spellcasting
 + Level 12.8 Conjurations
   Level 1.1 Transmutations
 + Level 12.9 Earth Magic


You had 32 spell levels left.
You knew the following spells:

 Your Spells              Type           Power        Failure   Level  Hunger
a - Stone Arrow           Conj/Erth      ######       1%          3    None
b - Sandblast             Erth           ######       1%          1    None
c - Lee's Rapid Deconstr  Erth           ######....   1%          5    #......
d - Blink                 Tloc           N/A          8%          2    None

Your spell library contained the following spells:

 Spells                   Type           Power        Failure   Level  Hunger
 Fulminant Prism          Conj/Hex       ######....   1%          4    None
 Magic Dart               Conj           ####         1%          1    None
 Passwall                 Tmut/Erth      ######..     1%          2    None
 Conjure Flame            Conj/Fire      ######..     1%          3    None
 Mephitic Cloud           Conj/Pois/Air  #####...     1%          3    None
 Petrify                  Tmut/Erth      ######..     2%          4    None
 Call Imp                 Summ           ###.....     8%          2    None
 Poisonous Vapours        Pois/Air       ###...       8%          2    None
 Slow                     Hex            ###.....     8%          2    None
 Freezing Cloud           Conj/Ice/Air   #####.....   32%         6    ####...
 Ring of Flames           Chrm/Fire      ###.......   100%        7    ######.


Dungeon Overview and Level Annotations

Branches:
Dungeon (13/15)            Temple (1/1) D:6            Lair (0/6) D:8
    Orc (0/2) D:10
 Vaults: D:13-14

Altars:
Ashenzari
Cheibriados
Dithmenos
Elyvilon
Fedhas
Gozag
Hepliaklqana
Kikubaaqudgha
Makhleb
Nemelex Xobeh
Okawaru
Qazlal
Ru
Sif Muna
Trog
Uskayaw
Vehumet
Wu Jian
Xom
Yredelemnul
Zin
The Shining One

Shops:
D:8 =   D:13 ==

Annotations:
D:10 1 runed translucent door


Innate Abilities, Weirdness & Mutations

You have large cloven feet.
Your system is resistant to poisons. (rPois)
You expend magic power (3 MP) to strengthen your wands.


Message History

Unknown command.
Evoke which item? (* to show all) (? for menu, Esc to quit)
Aiming: Scattershot
Press: ? - help, Shift-Dir - straight line, f/p - fire dragon
Aim: a fire dragon (almost dead, catching its breath)
The burst of metal fragments hits the fire dragon but does no damage.
The burst of metal fragments hits the fire dragon.
The fire dragon is almost dead.
The wraith hits you but does no damage. The fire dragon breathes flames at you.
The blast of flame hits you! You resist.
* * * LOW HITPOINT WARNING * * *
Unknown command.
Blink to where?
Press: ? - help, Dir - move target cursor, p - fire dragon You are very lightly contaminated with residual magic.
As you read the scroll of blinking, it crumbles to dust.
The fire dragon breathes flames at you. The blast of flame hits you!!
You resist.
You die...

*,,* #..# #..# #.
*..######..# #..# #.
*........?.# #..# #.
*..........# #..# #.
*..######..####..######.
*,,* #..............(
*,,* #...............
#..######..#####..######
#....<.@...# #.)# #
#..........# #.z# #
#..######..# #..# # #,,*
#..# #..# # *,,* #..#
#..# # *..######WD#
#..###### *.......>..#
#........
*..........#####.....)..
*..######.............).


You could see a fire dragon.

Vanquished Creatures
  Gastronok (D:11)
  Kirke (D:11)
  A hydra (D:10)
  A catoblepas (D:12)
  5 two-headed ogres
  A skeletal warrior (D:13)
  An unseen horror (D:13)
  A wolf spider zombie (D:12)
  3 orc knights (Bailey)
  2 ugly things
  A deep elf mage (D:10)
  4 cyclopes
  An efreet (D:10)
  A yaktaur (D:10)
  A freezing wraith (D:13)
  3 trolls
  Prince Ribbit (D:7)
  5 hippogriffs
  4 slime creatures (D:12)
  2 wraiths (D:13)
  A shadow (D:13)
  3 yaks (D:10)
  4 basilisks
  9 hogs
  A human (D:7)
  2 hungry ghosts (D:10)
  Menkaure (D:5)
  Edmund (D:4)
  2 steam dragons
  A two-headed ogre zombie (D:10)
  An acid dragon (D:11)
  5 ice beasts
  4 sky beasts
  10 orc warriors
  A black bear (D:7)
  2 necrophages
  5 ogres
  10 centaurs
  3 phantoms
  A crocodile (D:10)
  A big kobold (D:11)
  Blork the orc (D:5)
  7 bullfrogs
  A wyvern zombie (D:13)
  7 earth elementals (D:12)
  5 scorpions
  2 troll zombies (D:10)
  51 killer bees
  4 crimson imps
  A quasit (D:12)
  8 hounds
  9 orc wizards
  Crazy Yiuf (D:3)
  4 bullfrog skeletons
  3 orc priests
  5 centaur skeletons
  A jelly (D:9)
  A bullfrog zombie (D:11)
  4 iguanas
  12 worker ants
  5 ogre zombies (D:10)
  A hound skeleton (D:5)
  4 worker ant zombies
  A howler monkey zombie (D:8)
  10 adders
  4 shadow imps
  An adder skeleton (D:9)
  4 worms
  A dart slug (D:1)
  9 leopard geckos
  32 orcs
  3 ball pythons
  6 giant cockroaches
  4 goblins
  5 hobgoblins
  6 jackals (D:1)
  11 kobolds
  2 quokkas
  6 bats
  3 frilled lizards
  A goblin skeleton (D:5)
  3 goblin zombies
  6 hobgoblin skeletons (D:10)
  9 hobgoblin zombies
  2 jackal skeletons
  4 orc skeletons
  11 orc zombies
  A quokka skeleton (D:4)
  2 rats
392 creatures vanquished.

Vanquished Creatures (others)
  An orc skeleton (D:10)
  An orc zombie (D:10)
2 creatures vanquished.

Grand Total: 394 creatures vanquished

Notes
Turn   | Place    | Note
-------+----------+-------------------------------------------
     0 | D:1      | Hasart the Deep Elf Earth Elementalist began the quest for
                  | the Orb.
     0 | D:1      | Reached XP level 1. HP: 10/10 MP: 6/6
   455 | D:1      | Reached XP level 2. HP: 15/15 MP: 6/8
  1256 | D:2      | Reached XP level 3. HP: 19/19 MP: 8/10
  1327 | D:2      | Found a burning altar of Makhleb.
  1791 | D:3      | Found a runed translucent door.
  1792 | D:3      | Noticed Crazy Yiuf
  1802 | D:3      | Killed Crazy Yiuf
  1802 | D:3      | Reached skill level 4 in Spellcasting
  1802 | D:3      | Reached XP level 4. HP: 14/24 MP: 4/12
  2557 | D:3      | Reached skill level 5 in Earth Magic
  3038 | D:4      | Reached XP level 5. HP: 28/28 MP: 8/13
  3068 | D:4      | Noticed Edmund
  3080 | D:4      | Killed Edmund
  3169 | D:4      | Reached XP level 6. HP: 27/32 MP: 12/15
  3172 | D:4      | Reached skill level 5 in Spellcasting
  3545 | D:4      | Got a fine helmet
  3556 | D:4      | Identified the +2 helmet "Camoafam" {+Inv rElec} (You found
                  | it on level 4 of the Dungeon)
  4237 | D:5      | Entered Level 5 of the Dungeon
  4260 | D:5      | Noticed Menkaure
  4344 | D:5      | Killed Menkaure
  4344 | D:5      | Reached skill level 5 in Dodging
  4344 | D:5      | Reached XP level 7. HP: 36/36 MP: 12/17
  4352 | D:5      | Learned a level 3 spell: Stone Arrow
  4429 | D:5      | Reached skill level 1 in Conjurations
  4505 | D:5      | Reached skill level 6 in Spellcasting
  4529 | D:5      | Noticed Blork the orc
  4535 | D:5      | Killed Blork the orc
  4579 | D:5      | Found a glowing golden altar of the Shining One.
  5181 | D:6      | Reached XP level 8. HP: 41/41 MP: 17/19
  5183 | D:6      | Found a staircase to the Ecumenical Temple.
  5194 | Temple   | Entered the Ecumenical Temple
  5431 | D:6      | Reached skill level 7 in Spellcasting
  5840 | D:7      | Reached skill level 5 in Conjurations
  5862 | D:7      | Reached skill level 1 in Shields
  5895 | D:7      | Noticed Prince Ribbit
  5900 | D:7      | Killed Prince Ribbit
  5900 | D:7      | Reached XP level 9. HP: 45/45 MP: 17/22
  6064 | D:7      | Reached skill level 8 in Spellcasting
  6493 | D:7      | Found a radiant altar of Vehumet.
  6604 | D:7      | Became a worshipper of Vehumet
  6725 | D:8      | Noticed a two-headed ogre
  6731 | D:8      | Killed a two-headed ogre
  6731 | D:8      | Reached skill level 9 in Spellcasting
  6731 | D:8      | Reached XP level 10. HP: 50/50 MP: 20/25
  6758 | D:8      | Noticed a two-headed ogre
  6772 | D:8      | Killed a two-headed ogre
  7027 | D:8      | Reached * piety under Vehumet
  7027 | D:8      | Offered knowledge of Flame Tongue by Vehumet.
  7241 | D:8      | Reached skill level 10 in Spellcasting
  7961 | D:8      | Reached skill level 10 in Conjurations
  8072 | D:8      | Found a staircase to the Lair.
  8273 | D:8      | Reached skill level 10 in Earth Magic
  8456 | D:8      | Found Norups's Jewellery Boutique.
  8530 | D:8      | Found an opulent altar of Gozag.
  8567 | D:8      | Learned a level 5 spell: Lee's Rapid Deconstruction
  8576 | D:8      | Reached ** piety under Vehumet
  8576 | D:8      | Offered knowledge of Shock by Vehumet.
  9107 | D:9      | Reached XP level 11. HP: 54/54 MP: 20/27
  9311 | D:9      | Found a glowing golden altar of the Shining One.
  9313 | D:9      | Noticed an angel
  9322 | D:9      | Found a basalt altar of Yredelemnul.
  9324 | D:9      | Noticed a profane servitor
  9421 | D:9      | Got a fine short sword
  9422 | D:9      | Identified the +8 short sword of Conscience {pain, +Fly}
                  | (You found it on level 9 of the Dungeon)
  9749 | D:10     | Entered Level 10 of the Dungeon
  9900 | D:10     | Reached skill level 5 in Shields
 10023 | D:10     | Found a staircase to the Orcish Mines.
 10029 | D:10     | Offered knowledge of Throw Frost by Vehumet.
 10033 | D:10     | Found a runed translucent door.
 10062 | D:10     | Reached *** piety under Vehumet
 10247 | D:10     | Noticed a two-headed ogre
 10259 | D:10     | Killed a two-headed ogre
 10259 | D:10     | Reached skill level 11 in Spellcasting
 10286 | D:10     | Noticed a cyan ugly thing
 10288 | D:10     | Noticed a deep elf mage
 10295 | D:10     | Killed a cyan ugly thing
 10295 | D:10     | Offered knowledge of Force Lance by Vehumet.
 10378 | D:10     | Killed a deep elf mage
 10582 | D:10     | Reached skill level 12 in Spellcasting
 10715 | D:10     | Noticed a six-headed hydra
 10721 | D:10     | Killed a six-headed hydra
 10924 | D:10     | Reached **** piety under Vehumet
 10924 | D:10     | Reached skill level 1 in Armour
 11060 | D:10     | Found a deep blue altar of Sif Muna.
 11352 | D:11     | Offered knowledge of Iskenderun's Mystic Blast by Vehumet.
 11551 | D:11     | Noticed Gastronok
 11562 | D:11     | Killed Gastronok
 11562 | D:11     | Reached skill level 13 in Spellcasting
 11562 | D:11     | Reached XP level 12. HP: 41/59 MP: 6/31
 11594 | D:11     | Learned a level 2 spell: Blink
 11998 | D:12     | Noticed Kirke
 12053 | D:11     | Noticed a sphinx
 12055 | D:11     | Paralysed by a sphinx for 3 turns
 12124 | D:11     | Killed Kirke
 12270 | D:12     | Reached skill level 14 in Spellcasting
 12324 | D:12     | Identified the +6 arbalest "Undertaker" {penet, +Fly rC-
                  | Str+6}
 12411 | D:12     | Noticed a catoblepas
 12423 | D:12     | Killed a catoblepas
 12718 | D:12     | Reached ***** piety under Vehumet
 12890 | D:12     | Offered knowledge of Fulminant Prism by Vehumet.
 12993 | D:12     | Noticed a two-headed ogre
 12996 | D:12     | Killed a two-headed ogre
 13266 | D:13     | Noticed a two-headed ogre
 13336 | D:13     | Found Vanohuw's Jewellery Emporium.
 13347 | D:13     | Bought the amulet "Vionelown" {RegenMP rF+ MR+} for 644
                  | gold pieces
 13444 | D:13     | Found Legaqitrep's Jewellery Emporium.
 13540 | D:13     | Killed a two-headed ogre
 13580 | D:13     | Found a flagged portal.
 13589 | Bailey   | Entered a bailey
 13607 | Bailey   | Reached skill level 15 in Spellcasting
 13607 | Bailey   | Reached XP level 13. HP: 63/63 MP: 25/34
 14140 | D:13     | Gained mutation: You expend magic power (3 MP) to
                  | strengthen your wands. [potion of mutation]
 14140 | D:13     | Gained mutation: You have large cloven feet. [potion of
                  | mutation]
 14140 | D:13     | Gained mutation: Your system is resistant to poisons.
                  | (rPois) [potion of mutation]
 14177 | D:13     | Reached skill level 5 in Armour
 14177 | D:13     | Reached XP level 14. HP: 74/74 MP: 35/35
 14314 | D:13     | Killed from afar by a fire dragon

Skill      XL: |  1  2  3  4  5  6  7  8  9 10 11 12 13 |
---------------+----------------------------------------+-----
Earth Magic    | 4 5 6 7 8 9 10 11 12 | 12.9
Dodging        | 3 4 5 6 7 |  7.0
Spellcasting   | 4 5 6 7 9 10 13 15 | 15.3
Conjurations   | 3 5 8 10 11 12 | 12.8
Shields        | 1 3 4 5 |  5.0
Armour         | 2 4 5 |  5.8
Fighting       | 3 |  3.0
Stealth        | |  2.4
Transmutations | |  1.1

Action                   |  1- 3 |  4- 6 |  7- 9 | 10-12 | 13-15 || total
-------------------------+-------+-------+-------+-------+-------++-------
Melee: Spear             |    18 |       |       |       |       ||    18
       Quarterstaff      |       |    44 |    18 |    21 |       ||    83
       Short sword       |       |       |       |    33 |       ||    33
       Unarmed           |       |       |       |     4 |       ||     4
 Cast: Sandblast         |    43 |    55 |   111 |    38 |       ||   247
       Stone Arrow       |       |       |       |   345 |    40 ||   385
       Lee's Rapid Decon |       |       |       |    71 |    15 ||    86
Evoke: Wand              |       |       |       |       |     5 ||     5
  Use: Scroll            |       |       |       |       |    18 ||    18
       Potion            |       |       |       |       |    12 ||    12
 Stab: Sleeping          |       |     1 |       |     1 |       ||     2
  Eat: Chunk             |     2 |     8 |     8 |    15 |     3 ||    36
       Ration            |       |       |       |     3 |       ||     3
Armor: Robe              |     9 |    16 |    10 |    29 |       ||    64
       Troll leather arm |       |       |       |    22 |     5 ||    27
Dodge: Dodged            |    27 |    36 |    43 |   159 |     9 ||   274
Block: Buckler           |       |       |       |    26 |     4 ||    30
